General information
			
			
        
        - name: BNet
 
        - type: Ladder 1vs1/FFA
 
        - host: Battle.net
 
        - saver: tacoworld
 
        
map: EchoIsles 
        - players: 2
 
        - length: 128:19
 
        - speed: Fast
 - version: 1.22 W3XP
 - replay type:  Public
 
» download(176 KB)
Players
        team 1 (winner) 
              
              
tacoworld (
green | 2 APM | 299 actions | 128:19)
              
 1 Goblin Alchemist 
 1 Healing Spray
 
                » actions 
                
                | Assign group hotkey | 3 |  | 
| Basic commands | 2 |  | 
| Build / train | 32 |  | 
| Enter build submenu | 20 |  | 
| Enter hero's abilities submenu | 1 |  | 
| Right click | 50 |  | 
| Select / deselect | 100 |  | 
| Select group hotkey | 6 |  | 
| Use ability | 85 |  | 
                299 total
 » units 
                » buildings
                
                | Altar of Kings | 1 |  | 
| Farm | 42 |  | 
| Barracks | 1 |  | 
| Lumber Mill | 2 |  | 
| Arcane Vault | 1 |  | 
| Keep | 1 |  | 
| Scout Tower | 35 |  | 
| Guard Tower | 8 |  | 
                91 total
 » build order
                00:21 Altar of Kings
00:45 Farm
00:56 Barracks
01:24 Lumber Mill
01:37 Lumber Mill
01:56 Farm
02:14 Arcane Vault
03:05 Keep
03:17 Farm
03:27 Scout Tower
04:04 Scout Tower
04:06 Scout Tower
04:07 Scout Tower
04:09 Scout Tower
04:10 Scout Tower
04:11 Scout Tower
04:13 Scout Tower
04:14 Scout Tower
04:15 Scout Tower
04:17 Scout Tower
04:20 Scout Tower
04:21 Scout Tower
04:22 Scout Tower
04:27 Scout Tower
04:29 Scout Tower
04:30 Scout Tower
04:32 Scout Tower
04:34 Scout Tower
04:36 Scout Tower
04:37 Scout Tower
04:38 Scout Tower
04:39 Scout Tower
04:42 Scout Tower
04:43 Scout Tower
04:53 Scout Tower
04:54 Scout Tower
04:54 Scout Tower
04:56 Scout Tower
04:57 Scout Tower
07:51 Guard Tower
07:57 Guard Tower
07:58 Guard Tower
08:02 Scout Tower
08:03 Scout Tower
08:04 Scout Tower
08:05 Scout Tower
08:06 Scout Tower
09:11 Guard Tower
09:19 Guard Tower
09:24 Guard Tower
09:57 Guard Tower
10:39 Guard Tower
11:15 Farm
11:15 Farm
11:16 Farm
11:16 Farm
11:16 Farm
11:16 Farm
11:17 Farm
11:17 Farm
11:19 Farm
11:19 Farm
11:30 Farm
11:31 Farm
11:33 Farm
11:35 Farm
11:37 Farm
11:38 Farm
11:39 Farm
11:39 Farm
11:40 Farm
11:41 Farm
11:41 Farm
11:41 Farm
11:42 Farm
19:36 Farm
19:39 Farm
19:40 Farm
19:41 Farm
19:42 Farm
19:43 Farm
19:44 Farm
19:46 Farm
19:47 Farm
19:48 Farm
19:49 Farm
19:52 Farm
19:54 Farm
19:56 Farm
19:57 Farm
 
               team 2 (loser) 
               Chat log
          
(56:46 / All) tacoworld: where is your base